Cogmind - Beta 13 @@@ ROGUE MODE // 2024.04.05 @ 11:55:37 Player: Spuddz Result: Destroyed by S-27 Virus with Autogun Performance ------------- Evolutions (4) 2000 Regions Visited (9) 1800 Robots Destroyed (49) 245 Value Destroyed (1302) 1302 Prototype IDs (4) 80 Alien Tech Used (0) 0 Bonus (335) 335 TOTAL SCORE: 5762 Bonus ------- High Alert Combat Kills 6 Follower Combat Kills 383 Friendly Fire -54 Cogmind --------- Core Integrity 0/850 Matter 300/300 Energy 99/100 System Corruption 0% Temperature Cool (0) Movement Core (100) Ox1 Location -6/Extension Parts ------- > --- POWER (1) -------- (None) > --- PROPULSION (6) --- (None) > --- UTILITY (6) ------ Small Storage Unit Hacking Suite > --- WEAPON (2) ------- (None) > --- INVENTORY (8) ---- Micro Nuclear Core Improved Shield Generator Autogun Autogun Peak State ------------ > --- POWER ------------ Enhanced Nuclear Core > --- PROPULSION ------- Improved Flight Unit Improved Flight Unit Nuclear Pulse Thruster Cooled Cesium-ion Thruster Cooled Cesium-ion Thruster Cooled Cesium-ion Thruster > --- UTILITY ---------- Small Storage Unit Hacking Suite > --- WEAPON ----------- Katana Spear > --- INVENTORY -------- Micro Nuclear Core Improved Flight Unit Improved Shield Generator Drone Bay Autogun Autogun Grenade Launcher Rocket Launcher [Rating: 47] Favorites ----------- Power Ion Engine Engine Ion Engine Power Core Enhanced Nuclear Core Propulsion Improved Flight Unit Treads Light Treads Leg Aluminum Leg Wheel Wheel Flight Unit Improved Flight Unit Utility Small Storage Unit Device ECM Suite Storage Small Storage Unit Processor Terrain Scan Processor Hackware Hacking Suite Protection Light Armor Plating Weapon Autogun Ballistic Gun Autogun Launcher Rocket Launcher Slashing Weapon Katana Piercing Weapon Spear Build | -11 -10 -9 -9 -9 -7 -7 -7 -6 -6 ------- Run | Yrd Mat Mat Sto Rec Fac Low Low Fac Ext Slots Evolved 8 | . . 2 . . 4 . . 2 . Power . | . . . . . . . . . . Propulsion 4 | . . 1 . . 2 . . 1 . Utility 4 | . . 1 . . 2 . . 1 . Weapon . | . . . . . . . . . . Parts Attached 77 | 9 3 1 15 1 25 4 . 16 3 Power 10 | 1 . . 2 . 5 . . 1 1 Engine 3 | 1 . . 2 . . . . . . Core 7 | . . . . . 5 . . 1 1 Reactor . | . . . . . . . . . . Propulsion 25 | 3 . 1 6 . 2 . . 11 2 Treads 4 | 2 . . 2 . . . . . . Leg 1 | . . 1 . . . . . . . Wheel 1 | 1 . . . . . . . . . Hover . | . . . . . . . . . . Flight 19 | . . . 4 . 2 . . 11 2 Utility 21 | 2 1 . 6 1 11 . . . . Device 13 | 1 . . 4 1 7 . . . . Storage 3 | 1 1 . 1 . . . . . . Processor 1 | . . . . . 1 . . . . Hackware 1 | . . . . . 1 . . . . Protection 3 | . . . 1 . 2 . . . . Artifact . | . . . . . . . . . . Weapon 21 | 3 2 . 1 . 7 4 . 4 . Energy Gun . | . . . . . . . . . . Energy Cannon . | . . . . . . . . . . Ballistic Gun 9 | 3 2 . 1 . 3 . . . . Ballistic Cannon . | . . . . . . . . . . Launcher 6 | . . . . . 2 2 . 2 . Special Weapon . | . . . . . . . . . . Impact Weapon . | . . . . . . . . . . Slashing Weapon 3 | . . . . . 1 1 . 1 . Piercing Weapon 3 | . . . . . 1 1 . 1 . Special Melee Weapon . | . . . . . . . . . . Unidentified Prototypes 4 | . . . 2 . 1 . . 1 . Parts Lost 22 | . . . 1 . . . . 10 11 Power 3 | . . . . . . . . 1 2 Propulsion 14 | . . . 1 . . . . 6 7 Utility 1 | . . . . . . . . 1 . Weapon 4 | . . . . . . . . 2 2 Highest Loss Streak 11 | . . . 1 . . . . 5 11 To Critical Strikes . | . . . . . . . . . . Average Slot Usage (%) 84 | . 100 85 92 78 77 84 84 67 47 Engine 7 | . 14 11 11 11 . . . . . Core 2 | . . . . . 6 7 7 5 4 Treads 7 | . 28 22 8 . . . . . . Leg 1 | . . 8 2 . . . . . . Flight 23 | . . . 22 33 35 38 38 35 19 Device 9 | . 14 11 13 10 6 7 7 1 . Storage 9 | . 14 11 11 11 7 7 7 6 6 Hackware 1 | . . . . . 4 7 7 6 6 Ballistic Gun 15 | . 28 22 22 12 7 . . . . Slashing Weapon 1 | . . . . . . 5 7 5 3 Piercing Weapon 1 | . . . . . 1 5 7 5 5 Naked Turns . | . . . . . . . . . . Heaviest Build 35 | 15 32 32 35 18 21 23 20 20 19 Greatest Support 60 | 40 40 40 60 15 24 24 24 33 28 Greatest Overweight (x) 6 | . . . 6 1 . . . . 3 Average Overweight (x) . | . . . . . . . . . . Largest Inventory Capacity 15 | 8 15 15 15 8 8 8 8 8 8 Average Capacity 9 | 7 8 15 10 8 8 8 8 8 8 Most Carried 15 | 5 9 12 15 8 8 8 8 8 7 Average Carried 8 | 3 7 10 9 7 6 8 8 6 5 Final Capacity 15 | 8 15 15 8 8 8 8 8 8 8 Final Carried 12 | 3 9 12 8 7 8 8 8 6 4 Class Distribution -------------------- 66% | Mutant 28% | Sprinter 5% | Scavenger-Mutant Dominant Class ---------------- Mutant | -10/Materials Mutant | -9/Materials Mutant | -9/Storage Mutant | -9/Recycling Sprinter | -7/Factory Sprinter | -7/Lower Caves Sprinter | -7/Lower Caves Sprinter | -6/Factory Mutant | -6/Extension Resources | -11 -10 -9 -9 -9 -7 -7 -7 -6 -6 ----------- Run | Yrd Mat Mat Sto Rec Fac Low Low Fac Ext Matter Collected 1837 | 195 133 252 561 10 234 111 . 316 25 Remotely . | . . . . . . . . . . Salvage Created 1715 | 28 179 326 602 . 142 64 . 344 30 Parts 93 | 4 14 16 35 . 7 1 . 14 2 Haulers Intercepted 8 | . 1 . 5 . 1 . . 1 . Recyclers Shooed 3 | . . . 1 . 1 . . . 1 Parts Field Recycled . | . . . . . . . . . . Retrieved Matter . | . . . . . . . . . . Parts Self-Destructed . | . . . . . . . . . . Prevented . | . . . . . . . . . . Kills | -11 -10 -9 -9 -9 -7 -7 -7 -6 -6 ------- Run | Yrd Mat Mat Sto Rec Fac Low Low Fac Ext Combat Hostiles Destroyed 32 | . 5 6 4 . 8 3 . 5 1 Melee 4 | . . . . . . . . 3 1 Guns 15 | . 5 6 4 . . . . . . AOE 13 | . . . . . 8 3 . 2 . Classes Destroyed 11 | 1 3 3 3 . 1 . . . . Worker 3 | . . . 2 . 1 . . . . Tunneler 1 | 1 . . . . . . . . . Hauler 8 | . 1 . 5 . 1 . . 1 . Recycler 2 | . . . 1 . . . . 1 . Mechanic 1 | . . . 1 . . . . . . Operator 2 | . . 1 1 . . . . . . Swarmer 12 | . 3 . . . 4 1 . 3 1 Grunt 13 | . 2 4 1 . 3 1 . 2 . Brawler 1 | . . 1 . . . . . . . Duelist 1 | . . . . . 1 . . . . Sentry 5 | . . 1 3 . . 1 . . . Best Kill Streak 8 | 1 4 7 2 . 8 3 . 2 1 Combat Bots Only 8 | . 4 6 2 . 8 3 . 2 1 Max Kills in Single Turn 2 | 1 2 1 2 . 2 1 . 2 1 Gunslinging 1 | . 1 . . . . . . . . Exploded 2 | . . . . . 2 1 . 2 . Melee 1 | . . . . . . . . 1 1 Uniques/NPCs Destroyed . | . . . . . . . . . . Combat | -11 -10 -9 -9 -9 -7 -7 -7 -6 -6 -------- Run | Yrd Mat Mat Sto Rec Fac Low Low Fac Ext Hostile Shots Fired 403 | . 17 17 35 2 26 57 . 101 148 Missed 192 | . 4 6 12 1 17 37 . 58 57 Damage Taken 2823 | . 179 137 349 14 114 155 . 603 1272 Core 1035 | . 24 14 53 . 69 23 . 104 748 Absorbed by Shields . | . . . . . . . . . . Core Remaining (%) 89 | 100 90 . . 83 . . 86 . . Volleys Fired 107 | 4 15 17 52 . 8 10 . 1 . Largest 2 | 2 2 2 2 . 2 2 . 2 . Hottest 63 | 40 40 46 46 . 63 63 . 63 . Shots Fired 204 | 8 30 34 104 . 13 13 . 2 . Gun 178 | 8 30 34 104 . 2 . . . . Cannon . | . . . . . . . . . . Launcher 26 | . . . . . 11 13 . 2 . Special . | . . . . . . . . . . Kinetic 178 | 8 30 34 104 . 2 . . . . Thermal . | . . . . . . . . . . Explosive 26 | . . . . . 11 13 . 2 . Electromagnetic . | . . . . . . . . . . Robot Hit Streak 16 | 1 9 13 16 . 3 8 . 3 . Robot Miss Streak 6 | 5 1 3 6 . 3 1 . . . Penetration Max . | . . . . . . . . . . Secondary Targets 3 | . 2 1 . . . . . . . Max Gunslinging Chain 1 | . 1 1 . . . . . . . Shots Hit Robots 148 | 2 24 24 65 . 8 9 . 12 4 Core Hits 92 | 1 10 13 23 . 24 8 . 12 1 Critical Kills 1 | . . . 1 . . . . . . Critical Parts Destroyed . | . . . . . . . . . . Critical Strikes 2 | . . . 1 . . . . 1 . Destroy 1 | . . . 1 . . . . . . Sever 1 | . . . . . . . . 1 . Melee Attacks 24 | . . . . . 3 . . 12 9 Impact . | . . . . . . . . . . Slashing 18 | . . . . . . . . 10 8 Piercing 6 | . . . . . 3 . . 2 1 Sneak Attacks 4 | . . . . . 1 . . 2 1 Combat Hostiles . | . . . . . . . . . . Follow-up Attacks 2 | . . . . . . . . 1 1 Damage Inflicted 4379 | 23 304 334 1041 . 1088 273 . 1139 177 Guns 1721 | 23 304 334 1029 . 31 . . . . Cannons . | . . . . . . . . . . Explosions 1942 | . . . . . 955 273 . 714 . Melee 692 | . . . . . 102 . . 425 165 Ramming 24 | . . . 12 . . . . . 12 Kinetic 1721 | 23 304 334 1029 . 31 . . . . Thermal 536 | . . . . . . . . 536 . Explosive 1389 | . . . . . 938 273 . 178 . Electromagnetic 17 | . . . . . 17 . . . . Impact . | . . . . . . . . . . Slashing 569 | . . . . . . . . 404 165 Piercing 123 | . . . . . 102 . . 21 . Highest Corruption 1 | . . . . . 1 1 1 . . Average Corruption 1 | . . . . . 1 1 1 . . Corruption Purged . | . . . . . . . . . . Corruption Blocked . | . . . . . . . . . . Effects 3 | . . . . . 2 1 . . . Message Errors 2 | . . . . . 1 1 . . . Matter Fused 1 | . . . . . 1 . . . . Overload Shots . | . . . . . . . . . . Overflow Damage 194 | . . . . . 19 . . 147 28 Projectiles . | . . . . . . . . . . Explosions 107 | . . . . . . . . 107 . Melee 87 | . . . . . 19 . . 40 28 Knockbacks . | . . . . . . . . . . Impact . | . . . . . . . . . . Kinetic . | . . . . . . . . . . Secondary . | . . . . . . . . . . Self-Inflicted Damage 197 | . . . 1 . 20 15 . 155 6 Shots 5 | . . . . . 1 1 . 3 . Rammed 5 | . . . 4 . . . . . 1 Targets Rammed 5 | . . . 4 . . . . . 1 Kicked . | . . . . . . . . . . Crushed . | . . . . . . . . . . Highest Temperature 54 | . 2 12 24 . 7 22 . 54 . Average Temperature 11 | . 2 8 7 . 3 10 . 22 . Received Heat Transfer 543 | . 90 63 135 9 9 30 . 117 90 Siege Activations . | . . . . . . . . . . Robots Corrupted . | . . . . . . . . . . Combat Hostiles . | . . . . . . . . . . Parts Fried . | . . . . . . . . . . Impact Corruptions . | . . . . . . . . . . Robots Melted . | . . . . . . . . . . Combat Hostiles . | . . . . . . . . . . Parts Melted . | . . . . . . . . . . Heat Transferred 300 | . . . . . . . . 300 . Parts Sabotaged . | . . . . . . . . . . Parts Stolen . | . . . . . . . . . . Parts Stripped . | . . . . . . . . . . Power Chain Reactions . | . . . . . . . . . . Alert | -11 -10 -9 -9 -9 -7 -7 -7 -6 -6 ------- Run | Yrd Mat Mat Sto Rec Fac Low Low Fac Ext Peak Influence 507 | 5 146 252 432 146 347 . . 507 313 Initial 247 | . 3 61 105 124 60 . . 140 247 Average 222 | 1 75 184 252 145 268 . . 272 263 Maximum Alert Level 2 | . . 1 2 . 1 . . 2 1 Low Security (%) 48 | 100 100 47 42 100 20 . . 47 . Level 1 41 | . . 52 42 . 79 . . 23 100 Level 2 9 | . . . 15 . . . . 29 . Level 3 . | . . . . . . . . . . Level 4 . | . . . . . . . . . . Level 5 . | . . . . . . . . . . High Security . | . . . . . . . . . . Max Security . | . . . . . . . . . . Squads Dispatched 6 | . 2 1 1 . . . . 1 1 Investigation 1 | . . . . . . . . 1 . Extermination . | . . . . . . . . . . Reinforcement 5 | . 2 1 1 . . . . . 1 Assault . | . . . . . . . . . . Garrison . | . . . . . . . . . . Intercept . | . . . . . . . . . . Searches Triggered . | . . . . . . . . . . Construction Impeded . | . . . . . . . . . . Haulers Reinforced . | . . . . . . . . . . Active Scanning Responses . | . . . . . . . . . . Cargo Convoy Interrupts . | . . . . . . . . . . Stealth | -11 -10 -9 -9 -9 -7 -7 -7 -6 -6 --------- Run | Yrd Mat Mat Sto Rec Fac Low Low Fac Ext Distress Signals 1 | . . . . . . . . . 1 Communications Jammed . | . . . . . . . . . . Distress Signals . | . . . . . . . . . . Times Spotted 90 | . 7 7 19 1 17 3 . 20 16 Peak Tracking Total 12 | . 4 2 6 1 4 3 . 9 12 Tactical Retreats 12 | . . . 1 . 4 . . 4 3 Traps | -11 -10 -9 -9 -9 -7 -7 -7 -6 -6 ------- Run | Yrd Mat Mat Sto Rec Fac Low Low Fac Ext Traps Triggered 2 | . . . 1 . . . . . 1 Indirectly . | . . . . . . . . . . Trap Hack Attempts . | . . . . . . . . . . Triggered . | . . . . . . . . . . Disarmed . | . . . . . . . . . . Reprogrammed . | . . . . . . . . . . Reused . | . . . . . . . . . . Traps Extracted . | . . . . . . . . . . Installed . | . . . . . . . . . . Triggered 1 | . . . 1 . . . . . . Machines | -11 -10 -9 -9 -9 -7 -7 -7 -6 -6 ---------- Run | Yrd Mat Mat Sto Rec Fac Low Low Fac Ext Machines Disabled 7 | . . 1 1 . 2 . . 3 . Max in Single Turn 3 | . . 1 1 . 1 . . 3 . Machines Repaired . | . . . . . . . . . . Machines Dismantled . | . . . . . . . . . . Machines Sabotaged . | . . . . . . . . . . Overloaded Fab Kills . | . . . . . . . . . . Hacking | -11 -10 -9 -9 -9 -7 -7 -7 -6 -6 --------- Run | Yrd Mat Mat Sto Rec Fac Low Low Fac Ext Machines Accessed 11 | . . 1 1 1 4 1 . 1 2 Terminals 8 | . . 1 1 1 3 . . . 2 Fabricators 2 | . . . . . 1 . . 1 . Repair Stations . | . . . . . . . . . . Recycling Units . | . . . . . . . . . . Scanalyzers . | . . . . . . . . . . Garrison Access . | . . . . . . . . . . Total Hacks 16 | . . 1 1 1 6 1 . 2 4 Successful 9 | . . 1 1 1 3 1 . . 2 Failed 7 | . . . . . 3 . . 2 2 Catastrophic 1 | . . . . . . . . . 1 Database Lockouts . | . . . . . . . . . . Manual 5 | . . 1 1 . 3 . . . . Terminals 12 | . . 1 1 1 5 . . . 4 Fabricators 3 | . . . . . 1 . . 2 . Repair Stations . | . . . . . . . . . . Recycling Units . | . . . . . . . . . . Scanalyzers . | . . . . . . . . . . Garrison Access . | . . . . . . . . . . Terminal Hacks 8 | . . 1 1 1 2 1 . . 2 Open Door 3 | . . . . . . 1 . . 2 Open DSF 1 | . . . . . 1 . . . . Branch Access Points 1 | . . . 1 . . . . . . Hauler Manifests 3 | . . 1 . 1 1 . . . . Fabricator Hacks 1 | . . . . . 1 . . . . Network Status 1 | . . . . . 1 . . . . Repair Station Hacks . | . . . . . . . . . . Recycling Unit Hacks . | . . . . . . . . . . Scanalyzer . | . . . . . . . . . . Garrison Access Hacks . | . . . . . . . . . . Unauthorized Hacks . | . . . . . . . . . . Terminals . | . . . . . . . . . . Fabricators . | . . . . . . . . . . Repair Stations . | . . . . . . . . . . Recycling Units . | . . . . . . . . . . Scanalyzers . | . . . . . . . . . . Garrison Access . | . . . . . . . . . . Data Cores Recovered . | . . . . . . . . . . Used . | . . . . . . . . . . Hacking Detections 4 | . . . . . 2 . . 1 1 Full Trace Events 1 | . . . . . . . . 1 . Feedback Events . | . . . . . . . . . . Feedback Blocked . | . . . . . . . . . . Robot Schematics Acquired . | . . . . . . . . . . Robots Built . | . . . . . . . . . . Authchips . | . . . . . . . . . . Time . | . . . . . . . . . . Total Robot Build Rating . | . . . . . . . . . . Part Schematics Acquired . | . . . . . . . . . . Parts Built . | . . . . . . . . . . Authchips . | . . . . . . . . . . Time . | . . . . . . . . . . Total Part Build Rating . | . . . . . . . . . . Parts Repaired . | . . . . . . . . . . Time . | . . . . . . . . . . Parts Recycled . | . . . . . . . . . . Recycled Matter . | . . . . . . . . . . Retrieved Matter . | . . . . . . . . . . Retrieved Components . | . . . . . . . . . . Parts Scanalyzed . | . . . . . . . . . . Part Schematics Acquired . | . . . . . . . . . . Parts Damaged . | . . . . . . . . . . Bothacking | -11 -10 -9 -9 -9 -7 -7 -7 -6 -6 ------------ Run | Yrd Mat Mat Sto Rec Fac Low Low Fac Ext Used RIF Installer . | . . . . . . . . . . Robots Hacked . | . . . . . . . . . . Non-combat . | . . . . . . . . . . Combat . | . . . . . . . . . . Robot Hacks Applied . | . . . . . . . . . . Relay Couplers Released . | . . . . . . . . . . Fabnet Peak Effective % . | . . . . . . . . . . Robots Rewired . | . . . . . . . . . . Allies Hacked . | . . . . . . . . . . Hacks Repelled . | . . . . . . . . . . Allies | -11 -10 -9 -9 -9 -7 -7 -7 -6 -6 -------- Run | Yrd Mat Mat Sto Rec Fac Low Low Fac Ext Total Allies 3 | . . . 1 . . . . . 2 Largest Group 1 | . . . 1 1 . . . . 1 Highest-Rated Group 100 | . . . 100 100 . . . . 39 Highest-Rated Ally 100 | . . . 100 100 . . . . 39 Total Orders . | . . . . . . . . . . Ally Attacks 29 | . . . 22 1 . . . . 6 Total Damage 850 | . . . 751 44 . . . . 55 Kills 16 | . . . 15 1 . . . . . Allies Corrupted . | . . . . . . . . . . Allies Melted . | . . . . . . . . . . Intel | -11 -10 -9 -9 -9 -7 -7 -7 -6 -6 ------- Run | Yrd Mat Mat Sto Rec Fac Low Low Fac Ext Robot Analysis Total . | . . . . . . . . . . Derelict Logs Recovered 2 | . . . . . . 2 . . . Drone Launches 2 | . . . . . 2 . . . . Drone Recoveries . | . . . . . . . . . . Exploration | -11 -10 -9 -9 -9 -7 -7 -7 -6 -6 ------------- Run | Yrd Mat Mat Sto Rec Fac Low Low Fac Ext Turns Passed 2870 | 94 211 181 1272 179 341 173 26 238 155 Spaces Moved 3905 | 53 88 77 894 376 913 531 97 647 229 Core 42 | 16 . . . . . . . . 26 Treads 389 | 34 88 77 190 . . . . . . Legs . | . . . . . . . . . . Wheels 3 | 3 . . . . . . . . . Hover . | . . . . . . . . . . Flight 3471 | . . . 704 376 913 531 97 647 203 Fastest Speed 21 | 50 160 160 104 34 27 27 27 21 27 Average Speed 56 | 122 160 160 117 37 27 27 27 26 51 Slowest Speed 500 | 160 160 160 500 104 31 27 27 37 275 Overloaded Moves . | . . . . . . . . . . Propulsion Burnouts . | . . . . . . . . . . Robots Hopped 4 | . . . . 2 2 . . . . Cave-ins Triggered . | . . . . . . . . . . Exploration Rate (%) 35 | 4 34 8 70 84 24 60 19 19 36 Regions Visited 9 Branch Regions 5 Pre-discovered Areas . | . . . . . . . . . . Known Exits Taken 2 | . . . 1 . . 1 . . . Unknown Exits Taken 7 | 1 1 1 . 1 1 . 1 1 . Scrap Searched 3 | . . . . . . 3 . . . Spaces Dug 1 | . . . . . . . . . 1 Terrain Destroyed 141 | . . . . . 52 51 . 37 1 Melee 1 | . . . . . . . . . 1 Projectile . | . . . . . . . . . . AOE 140 | . . . . . 52 51 . 37 . Terrain Rammed . | . . . . . . . . . . Walls Destroyed . | . . . . . . . . . . Machines Disabled . | . . . . . . . . . . Actions | -11 -10 -9 -9 -9 -7 -7 -7 -6 -6 --------- Run | Yrd Mat Mat Sto Rec Fac Low Low Fac Ext Total 4336 | 72 128 108 1040 414 983 544 96 697 254 Wait 120 | . 14 10 38 33 13 . . 10 2 Move 3888 | 52 87 76 893 371 908 530 96 646 229 Hop 4 | . . . . 2 2 . . . . Pick Up 54 | 6 7 4 16 2 9 . . 9 1 Fast Attach 10 | 4 . . 2 1 2 . . 1 . Attach 38 | 4 . 1 6 . 14 . . 10 3 Detach 12 | 1 . . 1 . 9 . . 1 . Swap 29 | 1 3 . 7 . 9 4 . 5 . Drop 38 | . 2 . 21 5 6 . . 4 . Fire 107 | 4 15 17 52 . 8 10 . 1 . Melee 21 | . . . . . 3 . . 10 8 Ram 2 | . . . 1 . . . . . 1 Kick . | . . . . . . . . . . Crush 3 | . . . 3 . . . . . . Escape Stasis 10 | . . . . . . . . . 10 Rewire . | . . . . . . . . . . Trap . | . . . . . . . . . . Miscellaneous . | . . . . . . . . . . Route ------- -11/Scrapyard -10/Materials -9/Materials -9/Storage -9/Recycling -7/Factory (discovered 2 exits: *Low x2) -7/Lower Caves -7/Lower Caves -6/Factory -6/Extension History --------- Turn | Location | Event 2 | -11/Scrapyard | Met Revision 17 5 | -11/Scrapyard | Discovered new exit (range 15) 95 | -11/Scrapyard | Entered Materials 260 | -10/Materials | Discovered new exit (range 16) 306 | -10/Materials | Entered another Materials area 306 | -9/Materials | Evolved 2 slots: Propulsion x1, Utility x1 324 | -9/Materials | Build established: Mutant 326 | -9/Materials | Discovered new exit (range 16) 487 | -9/Materials | Entered Storage 666 | -9/Storage | Identified exit to Recycling 943 | -9/Storage | Met 01-MTF 1759 | -9/Storage | Entered Recycling 1759 | -9/Recycling | Accompanied by 1 ally (01-MTF) 1764 | -9/Recycling | 01-MTF left 1767 | -9/Recycling | Found Scrap Engine 1896 | -9/Recycling | Discovered new exit (range 5) 1938 | -9/Recycling | Entered Factory 1938 | -7/Factory | Evolved 4 slots: Propulsion x2, Utility x2 2043 | -7/Factory | Destroyed 8 combat bots 2201 | -7/Factory | Discovered new exit (range 15) 2241 | -7/Factory | Build established: Sprinter 2263 | -7/Factory | Discovered new exit (range 11) 2279 | -7/Factory | Entered Lower Caves 2320 | -7/Lower Caves | Attracted the attention of an 0b10 checkpoint 2371 | -7/Lower Caves | Identified exit to Lower Caves 2392 | -7/Lower Caves | Learned Factory stockpile data 2452 | -7/Lower Caves | Entered another Lower Caves area 2475 | -7/Lower Caves | Discovered new exit (range 11) 2478 | -7/Lower Caves | Entered Factory 2478 | -6/Factory | Evolved 2 slots: Propulsion x1, Utility x1 2520 | -6/Factory | Spotted B-75 Beast 2621 | -6/Factory | Lost 5 parts (3n2w) 2695 | -6/Factory | Discovered new exit (range 12) 2696 | -6/Factory | Lost 3 parts (1p2n) 2716 | -6/Factory | Entered Extension 2744 | -6/Extension | Rescued a captive Derelict 2821 | -6/Extension | Core integrity fell below 50% 2823 | -6/Extension | Rescued a captive Derelict 2861 | -6/Extension | Spotted B-75 Beast 2867 | -6/Extension | Spotted B-75 Beast 2868 | -6/Extension | Core integrity fell below 20% 2871 | -6/Extension | Destroyed by S-27 Virus with Autogun Last Messages --------------- Connecting with Door Terminal... >>Open(Door) Sealed Heavy Doors opened. TA-7E0(h): "Have you seen an extra bolt around here somewhere? I'm missing like twenty." HV Slug penetrates S-27 Virus. S-27 Virus knocked back. U-05 Engineer builds a Wall. TA-7E0(h) destroyed. U-05 Engineer builds a Wall. Fission Core destroyed. Cld. Cesium-ion Thruster destroyed. VTOL Module destroyed. R-10 Processor collects VTOL Module. Spear destroyed. Slammed into R-10 Processor. Machine disabled. W-25 Informer sends out distress signal. Machine disabled. U-05 Engineer knocked back. Map ----- +----------------------------------------------------+ | ### ###### #####????????????????????? | | #????????????????????? | | ### ### ##### #????????????????????? | | ??#####?# #####%##### ### #????????????????????? | | ????????# #"""#[##??# #?# #????????????????????? | | ??????###+#"Y"#/##??#% #?# #????????????????????? | | ??????# #???# #?# #????????????????????? | | ??????# "T" == T#### #?# #????????????????????? | | ??????# == ### #?# #????????????????????? | | ?????# ] #?# #?# #????????????????????? | | ?????####T#"T"###?# #?# #????????????????????? | | ????????###"""#???#* #?# #????????????????????? | | ??????????#####??##%#####?# #????????????????????? | | ?????????????????#T=#?????# #????????????????????? | | ?????????????????## #?????# #????????????????????? | | ??????????????????# #?????# #????????????????????? | | ??????????????????###?????#%#????????????????????? | | ??????????????????????????# #????????????????????? | | ??????????????????????????# #????????????????????? | | ??????????????????????????# #????????????????????? | | ??????????????????????????# #???#????????????????? | | ????????????????????????###s### ## ### ??????????? | | ????????????????????????#""s" Y "" "?????????? | | ???????????????????????## Y% "w"?????????? | | ???????????????????????#; u R #???????? | | ???????????????????????##@ #???????? | | ????????????????????????# #???????? | | ??????????????????????? ???????? | | ?????????????????????? ???????? | | ????????????????????? ????????? | | ???????????????????? ????????? | | ??????????????????? ????????? | | ??????????????????####### BB BB ?????????? | | ????????????????????????# BB BB ?????????? | | ????????????????????????# ??????????? | | ????????????????????????# ??????????? | | ????????????????????????# ????????????? | | ????????????????????????######T#"""??????????????? | | ?????????????????????????????????????????????????? | | ?????????????????????????????????????????????????? | | | | | | | | | | | | | | | | | | | | | +----------------------------------------------------+ Best States ------------- Heat Dissipation 37 Energy Generation 18 Energy Capacity 310 Matter Stores 300 Matter Capacity 300 Sight Range 16 Terrain Scan Density 10 ECM Strength 2 Armor Coverage 150 Evasion (%) 65 Recoil Reduction 3 Offensive Hacking 10 Item Schematics ----------------- None Robot Schematics ------------------ None Fabricated ------------ Nothing Alien Tech Used ----------------- None Achievements -------------- Can't Catch Me \\IAMDERELICT Challenges ------------ None Game ------ Seed AuthchipSegregatorCarapace Manual? 0 Play Time 01:07:06 Cumulative 6.4 hours Start 2024.04.05 @ 10:45:30 End 2024.04.05 @ 11:55:37 Sessions 1 Manual Loads 0 Difficulty Rogue Special Mode None Game No. 16 Rogue 16 Adventurer 0 Explorer 0 Win Type - Total 0 Types 0/0/0/0/0/0/0/0/0 Lore% 5 Gallery% 12 Achievement% 13 Wizard Run 0 Options --------- Layout 1 ASCII 0 Keyboard 0 Movement Mouse Keybinds 0 Fullscreen 2 Font 32/Terminus Map View 50x35 Zoom Use 0% Tactical HUD 0 Map Filters NONE Filters NONE Steam 1 RUN: e3643db8-5c8a-4ee9-8769-ee63e006bd67